 Dungeon Crawl Stone Soup version 0.21.1-1-g345015f (webtiles) character file.

11 letownia2 the Charmwright (level 2, -1/33 HPs)
             Began as a Merfolk Skald on Mar 14, 2018.
             Succumbed to an adder's poison
             ... on level 2 of the Dungeon.
             The game lasted 00:01:39 (228 turns).

letownia2 the Charmwright (Merfolk Skald)            Turns: 228, Time: 00:01:40

Health: -1/33      AC: 21    Str: 11    XL:     2   Next: 29%
Magic:  3/5        EV:  2    Int: 12    God:
Gold:   23         SH:  0    Dex: 13    Spells: 2/5 levels left

rFire    . . .     SeeInvis .   k - +0 trident
rCold    . . .     Gourm    .   (no shield)
rNeg     + + +     Faith    .   (armour currently unavailable)
rPois    +         Spirit   .   (helmet currently unavailable)
rElec    .         Reflect  .   (cloak currently unavailable)
rCorr    .         Harm     .   (gloves currently unavailable)
MR       .....     NoTele   +   (boots currently unavailable)
Stlth    +.........             (no amulet)
HPRegen  0.11/turn              (no ring)
MPRegen  0.09/turn              (no ring)

@: lethally poisoned (-1 -> -18), tree-form, infused
A: (change form in water), (swift swim), (stealthy swim)
a: no special abilities


You were on level 2 of the Dungeon.
You were not hungry.
You were a tree.
You visited 1 branch of the dungeon, and saw 2 of its levels.

You collected 23 gold pieces.

Inventory:

Hand Weapons
 a - a +0 spear
 i - a +0 hunting sling
 k - a +0 trident (weapon)
Missiles
 l - 3 tomahawks (quivered)
Armour
 b - a +0 leather armour (melded)
 e - a +0 helmet (melded)
 j - a cursed -2 ring mail
Scrolls
 f - a scroll of immolation {unknown}
 g - a scroll of identify {unknown}
 m - a scroll of enchant armour {unknown}
Potions
 h - a potion of lignification
Books
 c - a book of Battle

   Spells                             Type                      Level
   a - Infusion                       Charms                       1
   b - Shroud of Golubria             Charms/Translocation         2
   c - Song of Slaying                Charms                       2
   d - Spectral Weapon                Hexes/Charms                 3
   e - Regeneration                   Charms/Necromancy            3
Comestibles
 d - 2 rations


   Skills:
 - Level 2.1 Fighting
 + Level 3.0 Polearms
 - Level 0.6 Armour
 - Level 2.6 Dodging
 - Level 2.0 Spellcasting
 - Level 4.0 Charms
 + Level 0.0 Translocations


You had 2 spell levels left.
You knew the following spells:

 Your Spells              Type           Power        Failure   Level  Hunger
a - Infusion              Chrm           ##..         4%          1    ##.....
t - Shroud of Golubria    Chrm/Tloc      #.........   17%         2    ###....


Dungeon Overview and Level Annotations

Branches:
Dungeon (2/15)

Altars:


Message History

The adder bites you.
* * * LOW HITPOINT WARNING * * *
You are more poisoned.
The adder poisons you! The adder bites you.
* * * LOW HITPOINT WARNING * * *
You are more poisoned.
The adder poisons you!
Unknown command.
You closely miss the adder.
The adder is almost dead.
* * * LOW HITPOINT WARNING * * *
You feel sick. The adder bites you.
* * * LOW HITPOINT WARNING * * *
You are more poisoned.
The adder poisons you!
It was a potion of lignification.
You turn into a tree.
Your +0 helmet melds into your body.
Your +0 leather armour melds into your body.
Your roots penetrate the ground.
You die...

#.###.# ## #.....#
#.# #.....#
#.####.....###
#.##.........#
#.##.........#
#.##.........###
#.#####.........
#.KS♣.......####
#.#####.<..##
#.######.#.# ...
#..........# ...
#.##.#)....#### #..
#K#.#..........
#...##.##.#.....###
#)..#...#.##...##
#.........†...##


You could see an adder and a kobold.

Vanquished Creatures
  A worm (D:2)
  A giant cockroach (D:1)
  A hobgoblin (D:1)
  A kobold (D:1)
  A quokka (D:2)
  A bat (D:1)
  A goblin (D:2)
  2 rats
9 creatures vanquished.

Notes
Turn   | Place    | Note
-------+----------+-------------------------------------------
     0 | D:1      | letownia2 the Merfolk Skald began the quest for the Orb.
     0 | D:1      | Reached XP level 1. HP: 16/16 MP: 3/3
   161 | D:2      | Reached XP level 2. HP: 10/22 MP: 0/5
   186 | D:2      | Reached skill level 4 in Charms
   191 | D:2      | Learned a level 2 spell: Shroud of Golubria
   227 | D:2      | HP: 1/22 [adder (1)]
   228 | D:2      | Succumbed to an adder's poison

Skill      XL: |  1  2 |
---------------+-------+-----
Charms         | 4 |  4.0
Fighting       | |  2.1
Polearms       | |  3.0
Armour         | |  0.6
Dodging        | |  2.6
Spellcasting   | |  2.0

Action                   || total
-------------------------++-------
Melee: Spear             ||    25
       Tailslap          ||     1
       Trident           ||    18
 Cast: Infusion          ||     5
  Use: Potion            ||     1
Armor: Leather armour    ||     6
Dodge: Dodged            ||    16
